 Dungeon Crawl Stone Soup version 0.26-a0-1139-g7d2dc893a1 (webtiles) character file.

Game seed: 16852149070346388773

599 HoaS the Cudgeller (level 7, -5/41 HPs)
             Began as a Gargoyle Fighter on Dec 21, 2020.
             Slain by an ogre
             ... wielding a +0 giant club
              (15 damage)
             ... on level 5 of the Dungeon.
             The game lasted 00:08:37 (3263 turns).

HoaS the Cudgeller (Gargoyle Fighter)               Turns: 3263, Time: 00:08:38

Health: -5/41      AC: 13    Str: 21    XL:     7   Next: 41%
Magic:  7/7        EV:  5    Int:  9    God:
Gold:   289        SH: 11    Dex:  9    Spells: 6/6 levels left

rFire    . . .     SeeInvis .   a - +1 flail
rCold    . . .     Faith    .   c - +1 kite shield
rNeg     + . .     Spirit   .   f - +0 chain mail
rPois    ∞         Reflect  .   (no helmet)
rElec    +         Harm     .   (no cloak)
rCorr    .         Rampage  .   (no gloves)
Will     .....                  (no boots)
Stlth    ..........             (no amulet)
HPRegen  0.13/turn              (no ring)
MPRegen  0.10/turn              (no ring)

@: no status effects
A: negative energy resistance 1, electricity resistance, unbreathing,
petrification resistance, miasma immunity, AC +4
a: no special abilities


You were on level 5 of the Dungeon.
You visited 1 branch of the dungeon, and saw 5 of its levels.

You collected 289 gold pieces.

Inventory:

Hand Weapons
 a - a +1 flail (weapon)
Armour
 c - a +1 kite shield (worn)
 f - a +0 chain mail (worn)
Jewellery
 k - an uncursed ring of ice
Wands
 p - a wand of paralysis (5)
Scrolls
 g - a scroll of identify
Potions
 b - a potion of ambrosia
 d - a potion of might
 e - 4 potions of curing
 h - a potion of haste {unknown}
 i - 2 potions of flight
 j - a potion of attraction {unknown}
 l - a potion of heal wounds {unknown}
 m - 2 potions of degeneration {unknown}
 n - a potion of mutation {unknown}
 o - 2 potions of brilliance {unknown}
 q - a potion of magic {unknown}


   Skills:
 - Level 3.2 Fighting
 * Level 6.6 Maces & Flails
 - Level 3.2 Armour
 + Level 5.8 Shields


You had 6 spell levels left.
You didn't know any spells.
Your spell library was empty.

Dungeon Overview and Level Annotations

Branches:
Dungeon (5/15)
 Temple: D:4-7

Altars:
Nemelex Xobeh
Xom

Shops:
D:5 :

Annotations:
D:5 1 transporter, akrivosticles's ghost, amateur DECj


Innate Abilities, Weirdness & Mutations

You are resistant to torment.
Your stone body is resilient. (AC +4)
You are immune to poison.
You resist negative energy. (rN+)
You are resistant to electric shocks. (rElec)
You can survive without breathing.
You are immune to petrification.
You are immune to miasma.


Message History

Found a robe.
Found 26 stones.
You see here a dagger.
An ogre comes into view. It is wielding a +0 giant club.
The ogre shouts!
You barely miss the ogre. You block the ogre's attack.
You sock the ogre!
The ogre is moderately wounded.
The ogre hits you with a +0 giant club!!
Ouch! That really hurt!
You are too injured to fight recklessly!
You are too injured to fight recklessly!
You hit the ogre.
The ogre is heavily wounded.
The ogre hits you with a +0 giant club!
* * * LOW HITPOINT WARNING * * *
You barely miss the ogre.
The ogre is heavily wounded.
The ogre hits you with a +0 giant club!
You die...

...#..######.#
)...........>#
##.#..######## #####
#.#..# ###...
#.#..########.#.#####.#
#.#.........#.........#
#.#....####.#.#.######
#.#.........#.#.#
#.##...##...#.#@#
#.#....+....#.#O#
##+#....#.#....#.#
...............#.#
..........#....#.#
..........######.#
.....<........##.#
.........####.##.#
.....∩...#


You could see an ogre.

Vanquished Creatures
  A sky beast (D:5)
  A phantom (D:4)
  An ogre (D:5)
  A centaur zombie (D:3)
  An orc wizard (D:4)
  A centaur skeleton (D:4)
  An iguana (D:4)
  2 worker ants
  A worker ant zombie (D:5)
  5 adders
  7 worms
  2 dart slugs
  4 leopard geckos
  6 orcs
  6 ball pythons
  2 giant cockroaches (D:3)
  6 goblins
  11 hobgoblins
  4 jackals (D:3)
  7 kobolds
  2 quokkas
  10 bats
  7 frilled lizards
  8 rats
97 creatures vanquished.

Notes
Turn   | Place    | Note
-------+----------+-------------------------------------------
     0 | D:1      | HoaS the Gargoyle Fighter began the quest for the Orb.
     0 | D:1      | Reached XP level 1. HP: 14/14 MP: 1/1
   150 | D:1      | Reached XP level 2. HP: 15/19 MP: 2/2
   338 | D:1      | Reached skill level 3 in Maces & Flails
   341 | D:1      | Reached XP level 3. HP: 23/23 MP: 3/3
  1050 | D:2      | Reached XP level 4. HP: 28/28 MP: 4/4
  1675 | D:3      | Reached skill level 4 in Maces & Flails
  1776 | D:3      | Reached XP level 5. HP: 24/32 MP: 5/5
  1902 | D:3      | Found a faded altar of an unknown god.
  2009 | D:3      | Found a shimmering altar of Xom.
  2228 | D:4      | Reached skill level 5 in Maces & Flails
  2276 | D:4      | Noticed a phantom
  2312 | D:4      | Killed a phantom
  2313 | D:4      | Reached skill level 5 in Shields
  2313 | D:4      | Reached XP level 6. HP: 17/37 MP: 6/6
  2807 | D:4      | Found a sparkling altar of Nemelex Xobeh.
  2854 | D:5      | Entered Level 5 of the Dungeon
  2873 | D:5      | Reached skill level 6 in Maces & Flails
  2873 | D:5      | Reached XP level 7. HP: 26/41 MP: 7/7
  3119 | D:5      | Noticed akrivosticles's ghost (amateur DECj)
  3121 | D:5      | Found a transporter.
  3155 | D:5      | Found Atisemy's Book Emporium.
  3263 | D:5      | Slain by an ogre

Illustrated notes

Levels and vault maps discovered:
D:1:      kilobyte_arrival_exit_the_forest, layout_basic
D:2:      layout_basic, minmay_misc_feat_five
D:3:      layout_rooms, lemuel_doored_altar,
          chequers_ecumenical_altar_simple_redux
D:4:      layout_rooms, marbit_many_paths
D:5:      layout_basic, serial_curves, eino_curves_04, eino_curves_04,
          gammafunk_ghost_arena, serial_shops, shop, glass_columns_c

Skill      XL: |  1  2  3  4  5  6 |
---------------+-------------------+-----
Maces & Flails | 3 4 5 6 |  6.6
Shields        | 4 5 |  5.8
Fighting       | |  3.2
Armour         | |  3.2

Action                   |  1- 3 |  4- 6 |  7- 9 || total
-------------------------+-------+-------+-------++-------
Melee: Flail             |   163 |   239 |    42 ||   444
  Use: Scroll            |     6 |     6 |     3 ||    15
Armor: Scale mail        |    98 |       |       ||    98
       Chain mail        |     1 |   136 |    18 ||   155
Dodge: Dodged            |    56 |    52 |     6 ||   114
Block: Kite shield       |    87 |   136 |    16 ||   239

Table legend: (Time is in decaauts)
 A = Elapsed time spent in this place.
 B = Non-inter-level travel time spent in this place.
 C = Inter-level travel time spent in this place.
 D = Time resting spent in this place.
 E = Time spent auto-exploring this place.
 F = Levels seen in this place.
 G = Mean time per level.
                   A        B        C        D        E       F      G
               +--------+--------+--------+--------+--------+-----+--------+
         Total |   3389 |   3310 |     79 |    362 |   2044 |   5 |  677.8 |
       Dungeon |   3389 |   3310 |     79 |    362 |   2044 |   5 |  677.8 |
               +--------+--------+--------+--------+--------+-----+--------+

Top non-repeatable levels by time:
     D:1: 868 daAuts
     D:2: 783 daAuts
     D:4: 668 daAuts
     D:3: 654 daAuts
     D:5: 415 daAuts
